Map: Vaani Research Station (Void)

Players

Chris

  • Race: Protoss Protoss
  • League: Grandmaster
  • Spawn Location: 12:00

MVPMemeKing - Winner!

  • Race: Terran Terran
  • League: Master
  • Spawn Location: 6:00

VOD

Have the link to the VOD?

Description

Time

  • Played on: Dec. 11, 2016, 8:11 p.m.
  • Length: 14:31
Show
View Real Time Build Order
Export as new Build Order

Chris Protoss 

Build Orders: 1 Gate Expand, Blink Stalkers 

Get SALT Encoding   

  12  0:00  Probe (Chrono Boost)  
  13  0:11  Probe (Chrono Boost)  
  14  0:17  Pylon  
  14  0:22  Probe (Chrono Boost)  
  16  0:36  Probe (Chrono Boost)  
  16  0:37  Gateway  
  16  0:43  Assimilator  
  16  0:46  Probe (Chrono Boost)  
  18  0:57  Probe (Chrono Boost)  
  18  1:07  Probe (Chrono Boost)  
  19  1:20  Nexus  
  19  1:24  Probe (Chrono Boost)  
  20  1:35  Cybernetics Core  
  20  1:39  Probe (Chrono Boost)  
  21  1:44  Assimilator  
  21  1:49  Probe (Chrono Boost)  
  22  1:55  Pylon  
  22  2:00  Probe (Chrono Boost)  
  23  2:13  Mothership Core (Chrono Boost), Adept  
  27  2:16  Warp Gate  
  27  2:32  Probe (Chrono Boost)  
  27  2:35  Probe (Chrono Boost)  
  29  2:37  Robotics Facility  
  29  2:42  Probe (Chrono Boost)  
  30  2:46  Probe (Chrono Boost)  
  31  2:53  Probe (Chrono Boost)  
  31  2:55  Twilight Council  
  31  2:58  Probe (Chrono Boost)  
  33  3:03  Probe (Chrono Boost)  
  34  3:08  Probe (Chrono Boost)  
  35  3:14  Probe (Chrono Boost)  
  35  3:19  Probe (Chrono Boost), Gateway  
  37  3:24  Gateway  
  37  3:25  Observer  
  39  3:27  Probe (Chrono Boost)  
  39  3:39  Probe x2 (Chrono Boost)  
  40  3:41  Blink (Chrono Boost)  
  40  3:45  Pylon  
  40  3:50  Observer  
  40  3:51  Probe  
  40  3:53  Probe  
  43  3:58  Assimilator  
  43  4:03  Probe  
  43  4:04  Probe  
  45  4:14  Probe  
  45  4:15  Probe  
  47  4:19  Nexus  
  47  4:22  Pylon  
  47  4:23  Stalker  
  49  4:27  Stalker  
  51  4:31  Stalker  
  51  4:33  Probe  
  54  4:51  Stalker  
  54  4:52  Stalker  
  58  4:54  Probe  
  58  4:55  Probe  
  58  4:59  Pylon  
  60  5:03  Pylon  
  60  5:04  Probe  
  60  5:05  Observer  
  62  5:09  Pylon  
  62  5:17  Probe  
  62  5:18  Stalker x2  
  62  5:19  Stalker  
  69  5:21  Probe  
  69  5:25  Assimilator  
  70  5:29  Probe, Immortal  
  70  5:32  Probe  
  76  5:41  Probe  
  76  5:42  Sentry  
  79  5:44  Probe x2  
  81  5:53  Probe  
  81  5:54  Probe  
  81  5:55  Probe  
  84  5:59  Pylon  
  84  6:03  Zealot x2, Charge (Chrono Boost)  
  88  6:05  Probe, Zealot  
  88  6:06  Probe  
  88  6:09  Probe  
  93  6:13  Immortal  
  96  6:19  Pylon  
  96  6:20  Probe  
  97  6:36  Gateway x2  
  97  6:38  Gateway  
  97  6:40  Gateway  
  97  6:41  Gateway  
  97  6:45  Forge  
  97  6:50  Zealot  
  97  6:51  Zealot x2  
  97  6:52  Immortal  
  107  7:11  Zealot x2  
  107  7:12  Zealot  
  107  7:15  Templar Archives  
  113  7:16  Probe x2  
  113  7:17  Probe  
  113  7:19  Assimilator  
  113  7:22  Pylon  
  116  7:23  Assimilator  
  116  7:24  Pylon  
  116  7:26  Probe, Protoss Ground Weapons Level 1  
  116  7:27  Pylon  
  116  7:28  Pylon  
  117  7:32  Photon Cannon  
  117  7:35  Photon Cannon  
  117  7:38  Probe  
  117  7:40  Probe, Immortal  
  123  7:48  Zealot  
  123  7:49  Zealot x4  
  133  7:59  Zealot x3  
  101  8:25  Zealot x8  
  107  8:46  High Templar x2  
  107  8:47  High Templar x2  
  107  8:48  High Templar x2  
  107  8:49  Immortal  
  107  8:50  Zealot x2  
  107  8:53  Archon x3  
  114  9:18  Gateway  
  114  9:19  Zealot x6, Gateway  
  114  9:21  Nexus  
  114  9:22  Pylon, Sentry x2  
  114  9:23  Gateway  
  114  9:24  Pylon  
  130  9:25  Pylon  
  126  9:38  Protoss Ground Armor Level 1  
  125  9:40  Pylon  
  125  9:41  Pylon  
  125  9:44  Stalker x3  
  117  9:56  Gateway, Immortal  
  117  9:58  Gateway  
  117  10:00  Gateway  
  112  10:07  Zealot x3  
  112  10:13  Pylon  
  116  10:18  Pylon  
  116  10:20  Pylon  
  98  10:28  Stalker x2  
  94  10:29  Stalker  
  94  10:32  Probe x2  
  94  10:33  Probe  
  94  10:35  Assimilator  
  99  10:39  Stalker  
  99  10:40  Stalker x2  
  103  10:47  High Templar x2  
  103  10:49  Probe x2  
  107  10:50  Probe  
  107  10:54  Archon  
  109  11:01  Pylon  
  109  11:03  Pylon  
  109  11:06  Stalker x3  
  109  11:08  Pylon  
  111  11:13  Probe  
  111  11:16  Probe  
  105  11:27  High Templar x2  
  105  11:28  High Templar x2  
  105  11:29  High Templar x2  
  105  11:31  Probe  
  118  11:33  Archon x3  
  118  11:44  Nexus  
  116  11:51  Pylon  
  116  11:56  Zealot x4  
  116  11:57  Zealot x3  
  130  12:22  Stalker x4  
  134  12:23  Stalker x2  
  131  12:40  Zealot x2  
  131  12:41  Zealot x3  
  122  12:44  Probe  
  123  12:54  High Templar x4  
  131  13:00  Archon x2  
  131  13:02  Probe  
  131  13:03  Probe  
  131  13:05  Mothership Core  
  125  13:08  Zealot  
  125  13:09  Zealot  
  125  13:12  Probe  
  127  13:16  High Templar x2  
  132  13:24  Observer  
  122  13:28  Probe  
  122  13:32  Stalker x3  
  127  13:37  Probe x3  
  130  13:46  High Templar x2  
  134  13:55  Probe  
  134  14:00  Archon  
  134  14:01  Probe x2  
  134  14:02  Probe  
  129  14:20  Pylon  
  129  14:23  Pylon  
Show
View Real Time Build Order
Export as new Build Order

MVPMemeKing Terran - Winner!

Build Orders: Reaper Expand, MMM Bio 

Get SALT Encoding   

  12  0:01  SCV  
  13  0:13  SCV  
  14  0:18  Supply Depot  
  14  0:25  SCV  
  15  0:29  Refinery  
  15  0:40  SCV  
  16  0:46  Barracks  
  16  0:52  SCV  
  17  1:04  SCV  
  18  1:17  SCV  
  19  1:33  Orbital Command  
  19  1:34  Reaper  
  20  1:50  Command Center  
  20  1:58  Factory  
  20  1:59  SCV  
  21  2:07  Barracks Reactor  
  21  2:09  Supply Depot  
  21  2:14  SCV  
  22  2:23  Refinery  
  22  2:26  SCV  
  23  2:38  SCV  
  24  2:45  Marine x2  
  24  2:46  Starport  
  24  2:50  Widow Mine  
  24  2:51  SCV  
  29  3:03  Orbital Command, Marine x2, SCV  
  32  3:15  SCV  
  32  3:19  Widow Mine  
  35  3:21  Marine x2  
  37  3:27  SCV  
  37  3:30  SCV  
  39  3:39  Marine x2, SCV  
  39  3:40  Medivac  
  43  3:42  SCV  
  44  3:51  SCV  
  44  3:52  Factory Tech Lab  
  44  3:54  SCV  
  46  3:57  Engineering Bay, Barracks  
  46  4:01  Supply Depot  
  46  4:08  Supply Depot  
  46  4:10  SCV x2, Marine x2  
  46  4:14  Siege Tank  
  53  4:25  SCV  
  53  4:26  Supply Depot  
  53  4:29  Viking, Marine  
  53  4:30  SCV, Reaper  
  59  4:37  SCV  
  60  4:45  SCV  
  61  4:46  Barracks  
  61  4:49  SCV, Barracks Tech Lab  
  61  4:50  Siege Tank  
  65  4:54  Marine  
  65  4:57  SCV  
  67  5:01  Marine, SCV  
  67  5:06  Supply Depot  
  69  5:08  Marine  
  69  5:09  Stimpack, Starport Reactor, Supply Depot  
  70  5:15  Supply Depot  
  70  5:18  Terran Infantry Weapons Level 1  
  70  5:22  Refinery  
  70  5:27  Marine x2  
  70  5:28  SCV x2  
  74  5:29  Supply Depot  
  74  5:40  SCV  
  71  5:46  Refinery, Marine  
  71  5:47  Marine  
  71  5:49  Marine  
  71  5:50  Factory Reactor, Marine  
  71  5:51  Medivac  
  71  5:55  Supply Depot  
  75  6:00  Barracks, Medivac  
  75  6:02  Barracks, SCV  
  78  6:05  SCV  
  78  6:07  Marine x2  
  78  6:09  Combat Shields  
  81  6:14  Supply Depot  
  81  6:15  SCV  
  82  6:21  Marauder x2  
  86  6:26  Marine x2  
  86  6:28  Widow Mine x2  
  92  6:36  Supply Depot  
  92  6:37  Supply Depot  
  92  6:38  Medivac  
  94  6:42  Medivac  
  96  6:47  Marine  
  96  6:48  Marauder  
  96  6:52  Marine  
  96  6:53  Marauder, Barracks Tech Lab  
  102  6:57  Barracks Reactor  
  102  6:59  Liberator  
  101  7:02  Widow Mine x2  
  101  7:05  Marine  
  105  7:09  Marauder  
  105  7:10  Marine  
  108  7:17  Marine x2  
  108  7:20  Supply Depot  
  108  7:22  Supply Depot  
  113  7:23  Marine  
  113  7:27  Concussive Shells  
  113  7:28  Marine  
  115  7:30  Marine  
  115  7:31  Liberator  
  115  7:33  Command Center  
  115  7:34  Marine x2  
  115  7:35  Marine  
  119  7:42  Marine  
  119  7:43  Liberator, Marauder  
  120  7:46  Marine  
  126  7:52  SCV x2, Marine  
  128  8:02  Marine x2  
  128  8:04  Marine  
  136  8:07  Marauder x2  
  136  8:08  Marauder  
  136  8:10  Marine  
  111  8:20  Marine x2  
  111  8:21  Marine  
  110  8:27  Marine  
  110  8:28  Widow Mine x2, Marauder x2  
  110  8:29  Marauder  
  110  8:32  Terran Infantry Armor Level 1, Liberator  
  121  8:37  Marine x2  
  110  8:45  Marine x2  
  106  8:49  Marauder  
  106  8:50  Marauder  
  106  8:54  SCV x2  
  106  8:55  Liberator  
  116  8:57  Orbital Command  
  116  8:58  Marine  
  116  8:59  Marine  
  117  9:05  Marine x2  
  117  9:06  Marauder  
  121  9:16  Marine  
  127  9:17  Marine, Marauder  
  127  9:19  Marine  
  129  9:27  Marine, Marauder  
  129  9:28  Marine  
  133  9:33  Widow Mine x2  
  133  9:34  Marine  
  136  9:42  Liberator x2  
  136  9:44  Marine x2, Marauder  
  140  9:50  Marine x2  
  140  9:52  Marine  
  143  10:02  Marine  
  143  10:06  Marine  
  142  10:07  Marauder  
  142  10:08  Widow Mine x2  
  142  10:10  Marine x2  
  142  10:11  Marauder  
  142  10:13  Marine  
  137  10:20  SCV x2, Marine  
  116  10:24  Marauder  
  116  10:28  Marine x2, Marauder  
  115  10:29  SCV  
  115  10:31  Marine  
  115  10:32  SCV x2  
  121  10:37  Armory, Marauder  
  121  10:38  Engineering Bay  
  120  10:43  Marine  
  120  10:44  Widow Mine x2  
  120  10:46  Medivac x2  
  120  10:47  Marine  
  128  10:54  Refinery, Marine x2  
  128  10:55  Marauder  
  128  10:56  Marauder  
  133  11:02  Marine  
  133  11:03  Marauder  
  134  11:05  Marine  
  131  11:12  Marine x2  
  131  11:15  Widow Mine x2  
  131  11:16  Marauder  
  131  11:17  Marine  
  140  11:20  Marine  
  140  11:23  Marine  
  140  11:24  Marauder  
  136  11:26  Terran Infantry Armor Level 2, Terran Infantry Weapons Level 2  
  136  11:30  Terran Ship Weapons Level 1, Marine x2  
  136  11:31  Medivac  
  140  11:34  SCV x2  
  140  11:36  Marauder  
  140  11:38  Marine x2  
  146  11:43  Marine  
  146  11:45  Marauder  
  146  11:46  Command Center  
  143  11:47  Marine  
  143  11:49  Medivac  
  143  11:50  Widow Mine x2  
  150  11:55  Marine  
  150  11:56  Marine, Marauder  
  150  12:00  Refinery  
  150  12:01  Medivac  
  156  12:02  Liberator  
  153  12:12  Marauder x2  
  149  12:18  Marine x2, Marauder  
  151  12:24  Marine  
  151  12:25  Widow Mine x2  
  147  12:34  Marine, Marauder  
  147  12:35  Marauder  
  147  12:36  Marine x2  
  154  12:39  Marauder  
  154  12:42  Marine  
  138  12:52  Marine  
  138  12:54  Marine x2  
  138  12:55  Marauder  
  138  12:57  Marauder  
  138  12:58  Widow Mine x2  
  145  12:59  Marine  
  145  13:00  Marine  
  145  13:01  Liberator x2  
  146  13:10  Marine  
  146  13:11  Marine  
  146  13:12  Marine  
  145  13:16  Marauder  
  145  13:19  Starport  
  151  13:23  Planetary Fortress  
  145  13:31  Marauder x2  
  145  13:38  Ghost Academy  
  145  13:39  Marauder  
  143  13:41  Marine  
  144  13:48  Widow Mine x2  
  144  13:49  Marine x3  
  144  13:55  Refinery  
  151  13:56  Refinery  
  151  13:58  Marauder x2  
  151  13:59  Marine  
  157  14:04  Starport Tech Lab  
  157  14:08  Marine  
  161  14:13  Marine x2  
Tags
 
Add a new tag
Caveats
  • Supply blocks, unpowered buildings, or Contaminate may cause inaccurate times.
  • Supply counts are checked every 10 seconds.